 Dungeon Crawl Stone Soup version 0.16.1-16-gc44b35d (webtiles) character file.

187 Donbo the Ducker (level 5, 0/46 HPs)
             Began as a Draconian Berserker on May 8, 2015.
             Was a Believer of Trog.
             Slain by a worker ant (5 damage)
             ... on level 4 of the Dungeon.
             The game lasted 00:23:21 (3639 turns).

Donbo the Ducker (Draconian Berserker)              Turns: 3639, Time: 00:23:22

Health: 0/46       AC:  5    Str: 25    XL:     5   Next: 39%
Magic:  0/5        EV: 13    Int:  7    God:    Trog [**....]
Gold:   185        SH:  0    Dex: 11    Spells: 0 memorised, 4 levels left

rFire  . . .     SeeInvis .     a - +0 hand axe
rCold  . . .     Clarity  .     (armour unavailable)
rNeg   . . .     SustAb   .     (no shield)
rPois  +         Gourm    .     (helmet restricted)
rElec  .         Spirit   +     (no cloak)
rCorr  .         Warding  .     (no gloves)
rMut   .         Stasis   .     (no boots)
MR     .....                    j - amulet of guardian spirit
Stlth  +.........               (no ring)
                                c - ring of poison resistance

@: mighty, lethally poisoned (0 -> -7), not resistant to hostile enchantments,
very unstealthy
A: unfitting armour, cold-blooded, AC +5
a: Burn Spellbooks, Berserk, Trog's Hand, Renounce Religion


You were on level 4 of the Dungeon.
You worshipped Trog.
Trog was pleased with you.
You were hungry.

You visited 1 branch of the dungeon, and saw 4 of its levels.

You collected 185 gold pieces.

Inventory:

Hand weapons
 a - a +0 hand axe (weapon)
Jewellery
 c - a ring of poison resistance (left hand)
 j - an amulet of guardian spirit (around neck)
Magical devices
 k - a wand of random effects (17)
Scrolls
 b - 3 scrolls of identify {unknown}
 d - 3 scrolls of remove curse {unknown}
 e - 5 scrolls of teleportation
Potions
 f - a potion of haste {unknown}
 h - a potion of resistance {unknown}
 m - a potion of brilliance {unknown}
 n - a potion of might
 o - a potion of restore abilities {unknown}
Comestibles
 g - 3 meat rations
 i - 3 slices of pizza
 l - 2 bread rations


   Skills:
 + Level 4.1 Fighting
 + Level 4.0 Axes
 + Level 4.4 Dodging
 + Level 0.8 Stealth


You had 4 spell levels left.
You didn't know any spells.

Dungeon Overview and Level Annotations

Branches:
Dungeon (4/15)
 Temple: D:4-7

Altars:
Xom
Yredelemnul
The Shining One

Annotations:
D:4 Prince Ribbit


Innate Abilities, Weirdness & Mutations

Your plain brown scales are hard (AC +5).
Your body does not fit into most forms of armour.
Your cold-blooded metabolism reacts poorly to cold.


Message History

You closely miss the worker ant.
The worker ant is moderately wounded.
The worker ant closely misses you.
You hit the worker ant.
The worker ant is moderately wounded.
The worker ant closely misses you.
You closely miss the worker ant.
Your tail-slap misses the worker ant.
The worker ant is moderately wounded.
The worker ant barely misses you. The worker ant closely misses you.
You barely miss the worker ant. You tail-slap the worker ant.
The worker ant is severely wounded.
The worker ant bites you.
* * * LOW HITPOINT WARNING * * *
You are lethally poisoned!
The worker ant poisons you!
You closely miss the worker ant.
The worker ant is severely wounded.
* * * LOW HITPOINT WARNING * * *
You feel sick. The worker ant bites you!
You die...

#.###.####.. ..#
#..###.. .. #.##
##.#....### .# . #.
#........# .#...
###......######.#....
######.###.............
.....#.###...........
##..............#
#..†@a.%....$.#.## ..
#...#######>.#....#...
..... ##.##.†......
.... #.$##....#... ...
#.#..§...# .. #
...#?#....#
#......#....#
##..#######.# #.% ...


You could see a worker ant (inner flame).

Vanquished Creatures
  A giant frog skeleton (D:4)
  Jessica (D:3)
  4 adders
  3 worms (D:2)
  An ooze (D:4)
  6 orcs
  2 ball pythons
  12 bats
  A giant cockroach (D:2)
  9 hobgoblins (D:1)
  12 jackals
  4 giant newts
  5 goblins
  12 kobolds
  A quokka (D:3)
  10 rats
84 creatures vanquished.

Notes
Turn   | Place    | Note
--------------------------------------------------------------
     0 | D:1      | Donbo, the Draconian Berserker, began the quest for the Orb.
     0 | D:1      | Reached XP level 1. HP: 19/19 MP: 1/1
   120 | D:1      | Reached XP level 2. HP: 19/26 MP: 2/2
   333 | D:1      | Found a shimmering altar of Xom.
   418 | D:1      | open
   683 | D:1      | Reached XP level 3. HP: 26/31 MP: 3/3
  1424 | D:2      | Acquired Trog's second power
  1732 | D:2      | Reached XP level 4. HP: 29/40 MP: 2/4
  2366 | D:3      | Reached skill level 4 in Fighting
  3043 | D:3      | Found a glowing golden altar of the Shining One.
  3045 | D:3      | Noticed an angel
  3051 | D:3      | Found a basalt altar of Yredelemnul.
  3052 | D:3      | Noticed a profane servitor
  3271 | D:3      | Noticed Jessica
  3280 | D:3      | Killed Jessica
  3280 | D:3      | Reached XP level 5. HP: 29/46 MP: 2/5
  3601 | D:4      | Noticed Prince Ribbit
  3639 | D:4      | Slain by a worker ant

Action                   |  1- 3 |  4- 6 || total
-------------------------+-------+-------++-------
Melee: Hand axe          |   142 |   151 ||   293
Invok: Berserk           |       |     1 ||     1
  Use: Scroll            |       |     2 ||     2
       Potion            |       |     1 ||     1
 Stab: Sleeping          |       |     1 ||     1
  Eat: Bread ration      |     1 |       ||     1
       Meat ration       |       |     1 ||     1
